 Dungeon Crawl Stone Soup version 0.29-a0-555-g3b24f45cc1 (console) character file.

Game seed: 13939658116939600445

74 om the Insei (level 4, -1/51 HPs)
             Began as a Gnoll Transmuter on June 7, 2022.
             Slain by an orc
             ... wielding a +0 mace
              (4 damage)
             ... on level 3 of the Dungeon.
             The game lasted 00:01:58 (2034 turns).

om the Insei (Gnoll Transmuter)                     Turns: 2034, Time: 00:01:59

Health: -1/51      AC: 22    Str: 11    XL:     4   Next: 30%
Magic:  10/11      EV:  2    Int: 12    God:
Gold:   98         SH:  0    Dex: 13    Spells: 10/13 levels left

rFire   . . .      SeeInvis .   m - +0 short sword
rCold   . . .      Faith    .   (no shield)
rNeg    . . .      Spirit   .   (body armour currently unavailable)
rPois   +          Reflect  .   (helmet currently unavailable)
rElec   .          Harm     .   (cloak currently unavailable)
rCorr   .          Rampage  .   (gloves currently unavailable)
Will    .....      NoTele   +   (boots currently unavailable)
Stlth   ++........              (no amulet)
HPRegen 0.17/turn               (no ring)
MPRegen 0.12/turn               (no ring)

@: tree-form, wereblooded
A: stationary, stasis, torment immunity, boosted hp, (fangs 1), strong nose,
distributed training
a: no special abilities


You were on level 3 of the Dungeon.
You were a tree.
You visited 1 branch of the dungeon, and saw 3 of its levels.

You collected 98 gold pieces.

Inventory:

Hand Weapons
 m - a +0 short sword (weapon)
Armour
 a - a +0 robe (melded)
 k - a +0 pair of gloves (melded)
Jewellery
 c - a +6 ring of dexterity
 i - a ring of ice
Scrolls
 d - a scroll of fear
 l - a scroll of amnesia {unknown}
 o - a scroll of poison {unknown}
Potions
 e - a potion of flight {unknown}
 f - a potion of degeneration
 h - a potion of might
 j - a potion of curing
 n - a potion of invisibility


   Skills:
 + Level 2.7 Fighting
 + Level 1.1 Short Blades
 + Level 1.1 Long Blades
 + Level 1.1 Axes
 + Level 1.1 Maces & Flails
 + Level 1.1 Polearms
 + Level 1.1 Staves
 + Level 1.1 Slings
 + Level 1.1 Bows
 + Level 1.1 Crossbows
 + Level 1.1 Throwing
 + Level 1.1 Armour
 + Level 4.6 Dodging
 + Level 1.1 Stealth
 + Level 1.1 Shields
 + Level 6.6 Unarmed Combat
 + Level 5.0 Spellcasting
 + Level 0.8 Conjurations
 + Level 0.8 Hexes
 + Level 0.8 Summonings
 + Level 0.8 Necromancy
 + Level 0.8 Translocations
 + Level 3.8 Transmutations
 + Level 0.8 Fire Magic
 + Level 0.8 Ice Magic
 + Level 0.8 Air Magic
 + Level 0.8 Earth Magic
 + Level 0.8 Poison Magic
 + Level 1.2 Invocations
 + Level 1.1 Evocations


You had 10 spell levels left.
You knew the following spells:

 Your Spells              Type           Power      Damage    Failure   Level
a - Beastly Appendage     Tmut           24%        N/A       4%          1
b - Wereblood             Tmut           12%        N/A       6%          2

Your spell library contained the following spells:

 Spells                   Type           Power      Damage    Failure   Level
 Spider Form              Tmut/Pois      8%         N/A       22%         3
 Ice Form                 Ice/Tmut       8%         N/A       58%         4


Dungeon Overview and Level Annotations

Branches:
Dungeon (3/15)

Altars:
Uskayaw

Shops:
D:1 =


Innate Abilities, Weirdness & Mutations

You are a tree.
Your roots penetrate the ground, keeping you stationary.
You cannot be teleported.
You are immune to unholy pain and torment.
Your maximum health is greatly increased.
Your equipment is partially melded.
((You have very sharp teeth.))
Your uncanny sense of smell can sniff out nearby items.
Your experience applies equally to all skills.


Message History

You barely miss the orc wizard.
The orc wizard is almost dead.
The bat hits you but does no damage. The orc hits you but does no damage.
The goblin hits you but does no damage.
The orc wizard casts a spell.
The orc wizard flickers and vanishes!
Deactivating autopickup; reactivate with Ctrl-A.
The orc hits you but does no damage.
You hit the goblin.
The goblin is heavily wounded.
The bat hits you but does no damage. x2; The goblin hits you but does no damage.
The orc barely misses you.
You hear some strange, mumbled words.
A puff of flame appears from out of thin air!
The puff of flame hits you!
* * * LOW HITPOINT WARNING * * *
The orc hits you with a +0 club.
* * * LOW HITPOINT WARNING * * *
You nearly hit yourself!
The bat hits you but does no damage. The goblin hits you but does no damage.
The orc hits you with a +0 mace.
* * * LOW HITPOINT WARNING * * *
Something hits you but does no damage. The orc hits you but does no damage.
You completely miss the orc. The bat hits you but does no damage.
The goblin hits you but does no damage. The orc hits you but does no damage.
Something hits you but does no damage. The orc barely misses you.
You nearly hit yourself!
The bat hits you but does no damage. x2; The orc hits you but does no damage.
The goblin hits you but does no damage.
You hear some strange, mumbled words.
A puff of flame appears from out of thin air!
The puff of flame hits you but does no damage.
The orc barely misses you.
You closely miss the orc. The bat barely misses you. The orc barely misses you.
The goblin hits you but does no damage.
You hear some strange, mumbled words.
A magic dart appears from out of thin air!
The magic dart hits you but does no damage.
The orc hits you but does no damage.
You attack the rock wall.
You feel less confused. The bat hits you but does no damage.
The goblin hits you but does no damage. The orc hits you with a +0 mace.
You die...

#############
#...........#
##...........#
.............#
#.....b.oo..###..
#.....†?♣{)......
#####..#.g..#....
#..#....# .
#..###### #.##..#
######.#...#
#..........#
#.#..#.##.##
....##.##<# ....#
#.##.# #.#.
#.##.#


You could see 2 orcs, a goblin and a bat.

Vanquished Creatures
  Terence (D:2)
  2 adders (D:2)
  A dart slug (D:2)
  An orc (D:3)
  7 ball pythons
  4 endoplasms
  2 giant cockroaches
  A goblin (D:2)
  2 kobolds (D:2)
  A quokka (D:1)
  4 bats
  3 frilled lizards
  2 rats
31 creatures vanquished.

Notes
Turn   | Place    | Note
-------+----------+-------------------------------------------
     0 | D:1      | om the Gnoll Transmuter began the quest for the Orb.
     0 | D:1      | Reached XP level 1. HP: 17/17 MP: 6/6
   153 | D:1      | Found Tygitis's Jewellery Boutique.
   260 | D:1      | Found a faded altar of an unknown god.
   637 | D:1      | Reached XP level 2. HP: 23/23 MP: 5/7
   961 | D:2      | Learned a level 2 spell: Wereblood
  1162 | D:2      | Reached skill level 5 in Spellcasting
  1162 | D:2      | Reached XP level 3. HP: 15/28 MP: 7/9
  1436 | D:2      | Found a hide-covered altar of Uskayaw.
  1522 | D:2      | Reached skill level 1 in Invocations
  1629 | D:2      | Noticed Terence
  1641 | D:2      | Killed Terence
  1642 | D:2      | Reached skill level 1 in Short Blades
  1642 | D:2      | Reached skill level 1 in Long Blades
  1642 | D:2      | Reached skill level 1 in Axes
  1642 | D:2      | Reached skill level 1 in Maces & Flails
  1642 | D:2      | Reached skill level 1 in Polearms
  1642 | D:2      | Reached skill level 1 in Staves
  1642 | D:2      | Reached skill level 1 in Slings
  1642 | D:2      | Reached skill level 1 in Bows
  1642 | D:2      | Reached skill level 1 in Crossbows
  1642 | D:2      | Reached skill level 1 in Throwing
  1642 | D:2      | Reached skill level 1 in Armour
  1642 | D:2      | Reached skill level 1 in Stealth
  1642 | D:2      | Reached skill level 1 in Shields
  1642 | D:2      | Reached skill level 1 in Evocations
  1642 | D:2      | Reached XP level 4. HP: 25/34 MP: 11/11
  2030 | D:3      | HP: 2/51 [orc/+0 mace (1)]
  2034 | D:3      | Slain by an orc

Illustrated notes

Levels and vault maps discovered:
D:1:      elethiomel_arrival_maze, layout_basic, serial_shops, shop,
          shapermc_ecumenical_altar_venn
D:2:      layout_loops_ring, basic_altar, kennysheep_generic_room_11,
          uniq_terence
D:3:      layout_rooms, dreamdust_wishing_well, minmay_misc_feat_tiny

Skill      XL: |  1  2  3 |
---------------+----------+-----
Spellcasting   | 5 |  5.0
Invocations    | 1 |  1.2
Short Blades   | 1 |  1.1
Long Blades    | 1 |  1.1
Axes           | 1 |  1.1
Maces & Flails | 1 |  1.1
Polearms       | 1 |  1.1
Staves         | 1 |  1.1
Slings         | 1 |  1.1
Bows           | 1 |  1.1
Crossbows      | 1 |  1.1
Throwing       | 1 |  1.1
Armour         | 1 |  1.1
Stealth        | 1 |  1.1
Shields        | 1 |  1.1
Evocations     | 1 |  1.1
Fighting       | |  2.7
Dodging        | |  4.6
Unarmed Combat | |  6.6
Conjurations   | |  0.8
Hexes          | |  0.8
Summonings     | |  0.8
Necromancy     | |  0.8
Translocations | |  0.8
Transmutations | |  3.8
Fire Magic     | |  0.8
Ice Magic      | |  0.8
Air Magic      | |  0.8
Earth Magic    | |  0.8
Poison Magic   | |  0.8

Action                   |  1- 3 |  4- 6 || total
-------------------------+-------+-------++-------
Melee: Unarmed           |    24 |       ||    24
       Kick              |    10 |     6 ||    16
       Headbutt          |     9 |     3 ||    12
       Short sword       |    36 |    26 ||    62
       Bite              |       |     3 ||     3
       Punch             |       |     2 ||     2
 Cast: Beastly Appendage |    19 |     6 ||    25
       Wereblood         |       |     1 ||     1
  Use: Scroll            |       |     5 ||     5
       Potion            |       |     1 ||     1
 Stab: Sleeping          |     1 |     1 ||     2
Armor: Robe              |     8 |     6 ||    14
       Skin              |       |    28 ||    28
Dodge: Dodged            |    52 |    28 ||    80

Table legend: (Time is in decaauts)
 A = Elapsed time spent in this place.
 B = Non-inter-level travel time spent in this place.
 C = Inter-level travel time spent in this place.
 D = Time resting spent in this place.
 E = Time spent auto-exploring this place.
 F = Levels seen in this place.
 G = Mean time per level.
                   A        B        C        D        E       F      G
               +--------+--------+--------+--------+--------+-----+--------+
         Total |   2033 |   1981 |     52 |    237 |   1441 |   3 |  677.7 |
       Dungeon |   2033 |   1981 |     52 |    237 |   1441 |   3 |  677.7 |
               +--------+--------+--------+--------+--------+-----+--------+

Top non-repeatable levels by time:
     D:2: 1147 daAuts
     D:1: 839 daAuts
     D:3: 47 daAuts
